 Dungeon Sprint DCSS version bcrawl-1.23 (webtiles) character file.

Game seed: 14577716877769762390

21656 Freyura the Spry (level 12, -16/82 HPs)
             Began as a Fairy Air Elementalist on May 22, 2020.
             Was the Champion of Vehumet.
             Killed from afar by a rakshasa (illusionary) (42 damage)
             ... with an orb of energy
             ... in the Dungeon (Sprint IX: "|||||||||||||||||||||||||||||").
             The game lasted 00:22:00 (1329 turns).

Freyura the Spry (Fairy Air Elementalist)           Turns: 1329, Time: 00:22:01

Health: -16/82     AC: 12    Str:  6    XL:     12   Next: 92%
Magic:  1/35       EV: 34    Int: 26    God:    Vehumet [******]
Gold:   1340       SH:  7    Dex: 17    Spells: 34/46 levels left

rFire    . . .     SeeInvis .   t - staff of wizardry
rCold    . . .     Gourm    .   (shield currently unavailable)
rNeg     . . .     Faith    .   (armour unavailable)
rPois    .         Spirit   .   y - +0 helmet
rElec    .         Reflect  .   F - +1 cloak
rCorr    .         Harm     .   G - +1 pair of gloves
MR       +....     NoTele   +   (no boots)
Stlth    +.........             (no amulet)
HPRegen  0.23/turn              o - +3 ring of intelligence
MPRegen  0.24/turn              p - +3 ring of dexterity

@: flying evasively
A: small, magic attunement, unstealthy, unfitting armour, able to fly, AC/SH +7
a: Stop Flying, Renounce Religion


You were in the Dungeon.
You worshipped Vehumet.
Vehumet was exalted by your worship.
You were not hungry.

You visited 1 branch You collected 1900 gold pieces.
You spent 560 gold pieces at shops.

Inventory:

Missiles
 A - 3 throwing nets (quivered) {!f}
Armour
 y - a +0 helmet (worn)
 F - a +1 cloak (worn)
 G - a +1 pair of gloves (worn)
Magical Staves
 t - an uncursed staff of wizardry (weapon)
Jewellery
 o - a +3 ring of intelligence (left hand)
 p - a +3 ring of dexterity (right hand)
 B - an uncursed ring of protection from magic
 C - a +6 ring of dexterity
 D - an uncursed ring of fire
 E - an uncursed ring of protection from magic
Wands
 l - a wand of acid (10)
Scrolls
 i - 3 scrolls of blinking
 j - 4 scrolls of remove curse
 k - 2 scrolls of amnesia
 u - 3 scrolls of fear
 v - 2 scrolls of enchant weapon
 w - 4 scrolls of identify
Potions
 a - a potion of invisibility
 b - a potion of flight
 c - 2 potions of heal wounds
 d - 4 potions of curing
 f - 3 potions of haste
 g - 4 potions of magic
 h - a potion of berserk rage
 q - 3 potions of might
 r - 4 potions of agility
 s - a potion of mutation
Miscellaneous
 m - a lamp of fire
Comestibles
 e - 11 rations {!d}


   Skills:
 + Level 7.8 Fighting
 + Level 19.1 Dodging
 - Level 1.5 Stealth
 + Level 17.8 Spellcasting
 + Level 17.6 Conjurations
 + Level 17.9 Air Magic
 + Level 8.4 Evocations


You had 34 spell levels left.
You knew the following spells:

 Your Spells              Type           Power        Failure   Level  Hunger
a - Shock                 Conj/Air       #####        0%          1    None
b - Airstrike             Air            #######...   0%          4    None
c - Lightning Bolt        Conj/Air       #######...   1%          5    None
d - Searing Ray           Conj           #######.     0%          2    None

Your spell library contained the following spells:

 Spells                   Type           Power        Failure   Level  Hunger
 Fireball                 Conj/Fire      ######....   1%          5    None
 Static Discharge         Air            #######.     0%          3    None
 Swiftness                Chrm/Air       ######..     1%          2    None


Dungeon Overview and Level Annotations

Branches:
Dungeon (1/1)

Altars:
Cheibriados
Dithmenos
Elyvilon
Fedhas
Gozag
Hepliaklqana
Kikubaaqudgha
Lugonu
Makhleb
Nemelex Xobeh
Okawaru
Qazlal
Ru
Sif Muna
Trog
Uskayaw
Vehumet
Wu Jian
Xom
Yredelemnul
Zin
The Shining One
Beogh
Jiyva

Shops:
D }?%[


Innate Abilities, Weirdness & Mutations

Your spells do not cause hunger and MP costs are reduced by 1.
Your bright wings attract enemies. (Stealth-)
You cannot fit into any form of body armour.
Your shimmering scales are hard and can block incoming attacks. (AC +7, SH +7)
You are small and have problems with some larger weapons.
You can fly continuously.


Message History

The rakshasa is severely wounded.
The zap misses the rakshasa.
The zap hits the rakshasa.
The rakshasa is severely wounded.
The rakshasa blinks!
Casting: Shock (safe; 0% risk of failure)
Confirm with . or Enter, or press ? or * to list all spells.
Aiming: Shock (safe; 0% risk of failure)
Press: ? - help, Shift-Dir - straight line, f/p - rakshasa
Aim: a rakshasa, wielding a +0 whip and wearing a +0 robe (severely wounded)
The zap hits the rakshasa.
The rakshasa is almost dead.
The zap hits the rakshasa!
The rakshasa is almost dead.
The zap hits the rakshasa but does no damage.
The rakshasa is severely wounded.
The rakshasa blinks!
The rakshasa gestures at you. The orb of energy hits you!!!
Ouch! That really hurt!
You die...

▓_▓.▓.▓.▓)▓.▓.▓
▓_▓.▓†▓.▓)▓.▓.▓
▓_▓.▓†▓.▓.▓.▓[▓
▓_▓.▓.▓.▓.▓.▓.▓
▓_▓.▓.▓.▓.▓.▓.▓
▓_▓.▓.▓.▓.▓.▓.▓
▓_▓.▓.▓.▓'▓.▓.▓
▓'▓.▓†▓.▓)▓.▓.▓
▓.▓.▓.▓.▓)▓.▓@▓
▓.▓.▓†▓.▓)▓.▓R▓
▓|▓.▓†▓.▓)▓.▓§▓
▓)▓.▓†▓.▓)▓.▓R▓
▓.▓.▓.▓.▓∩▓.▓.▓
▓[▓.▓.▓.▓)▓.▓)▓
▓[▓.▓.▓.▓∩▓.▓R▓
▓.▓.▓.▓.▓.▓.▓)▓
▓.▓.▓(▓.▓∩▓.▓†▓


You could see 3 rakshasas.

Vanquished Creatures
  A sphinx (D)
  A fire dragon (D)
  An ettin (D)
  A great orb of eyes (D)
  2 hydras (D)
  An ogre mage (D)
  Harold (D)
  Erica (D)
  A two-headed ogre (D)
  An orc high priest (D)
  An unseen horror (D)
  A wizard (D)
  10 orc knights (D)
  2 deep elf magi (D)
  2 black mambas (D)
  5 cane toads (D)
  A kobold demonologist (D)
  A tengu conjurer (D)
  6 polar bears (D)
  A wraith (D)
  A yak (D)
  A basilisk (D)
  2 crocodiles (D)
  4 porcupines (D)
  13 orc warriors (D)
  3 black bears (D)
  2 ogres (D)
  A centaur (D)
  A bullfrog (D)
  A scorpion (D)
  2 wights (D)
  A jelly (D)
  6 orc priests (D)
  A hound (D)
  2 orc wizards (D)
  2 worker ants (D)
  An adder (D)
  An ooze (D)
  An adder skeleton (D)
  7 orcs (D)
  2 bats (D)
  A giant cockroach (D)
  A jackal (D)
  A frilled lizard (D)
  A jackal skeleton (D)
  A jackal zombie (D)
  A quokka zombie (D)
102 creatures vanquished.

Notes
Turn   | Place    | Note
-------+----------+-------------------------------------------
     0 | D        | Freyura the Fairy Air Elementalist began the quest for the
                  | Orb.
     0 | D        | Reached XP level 1. HP: 11/11 MP: 6/6
     5 | D        | Reached skill level 3 in Dodging
     8 | D        | Reached XP level 2. HP: 14/17 MP: 6/8
    68 | D        | Noticed a wight
    68 | D        | Noticed an ogre
    74 | D        | Reached skill level 5 in Dodging
    74 | D        | Reached skill level 5 in Air Magic
    74 | D        | Reached XP level 3. HP: 8/21 MP: 9/11
    74 | D        | Reached skill level 6 in Dodging
    74 | D        | Reached skill level 5 in Spellcasting
    74 | D        | Reached XP level 4. HP: 10/27 MP: 9/13
    82 | D        | Killed an ogre
    82 | D        | Reached skill level 7 in Dodging
    82 | D        | Reached XP level 5. HP: 30/31 MP: 11/16
    91 | D        | Found a roughly hewn altar of Beogh.
    91 | D        | Found a snail-covered altar of Cheibriados.
    91 | D        | Found a shadowy altar of Dithmenos.
    91 | D        | Found a white marble altar of Elyvilon.
    91 | D        | Found a blossoming altar of Fedhas.
    91 | D        | Found an opulent altar of Gozag.
    92 | D        | Found a hazy altar of Hepliaklqana.
    93 | D        | Found a viscous altar of Jiyva.
    94 | D        | Found an ancient bone altar of Kikubaaqudgha.
    95 | D        | Found a corrupted altar of Lugonu.
    96 | D        | Found a burning altar of Makhleb.
    97 | D        | Found a sparkling altar of Nemelex Xobeh.
    98 | D        | Found an iron altar of Okawaru.
    99 | D        | Found a stormy altar of Qazlal.
   100 | D        | Found a sacrificial altar of Ru.
   101 | D        | Found a shimmering blue altar of Sif Muna.
   102 | D        | Found a bloodstained altar of Trog.
   103 | D        | Found a hide-covered altar of Uskayaw.
   104 | D        | Found a radiant altar of Vehumet.
   105 | D        | Found an ornate altar of the Wu Jian Council.
   106 | D        | Found a shimmering altar of Xom.
   107 | D        | Found a basalt altar of Yredelemnul.
   108 | D        | Found a glowing silver altar of Zin.
   109 | D        | Found a glowing golden altar of the Shining One.
   114 | D        | Became a worshipper of Vehumet
   146 | D        | Noticed a bullfrog
   146 | D        | Noticed a wraith
   146 | D        | Noticed an ogre
   151 | D        | Reached skill level 8 in Dodging
   151 | D        | Killed an ogre
   151 | D        | Reached * piety under Vehumet
   151 | D        | Offered knowledge of Freeze by Vehumet.
   151 | D        | Reached XP level 6. HP: 34/36 MP: 17/19
   152 | D        | Reached skill level 9 in Dodging
   153 | D        | Killed a wraith
   153 | D        | Reached XP level 7. HP: 35/41 MP: 17/21
   158 | D        | Reached ** piety under Vehumet
   158 | D        | Reached skill level 10 in Dodging
   171 | D        | Learned a level 4 spell: Airstrike
   177 | D        | Learned a level 5 spell: Lightning Bolt
   177 | D        | Noticed a deep elf mage
   177 | D        | Noticed a kobold demonologist
   179 | D        | Reached skill level 10 in Air Magic
   179 | D        | Reached skill level 10 in Spellcasting
   179 | D        | Reached *** piety under Vehumet
   183 | D        | Killed a deep elf mage
   183 | D        | Reached skill level 11 in Dodging
   183 | D        | Reached skill level 10 in Conjurations
   183 | D        | Reached XP level 8. HP: 43/46 MP: 21/24
   185 | D        | Noticed a hellwing
   185 | D        | Killed a kobold demonologist
   185 | D        | Reached skill level 12 in Dodging
   348 | D        | Noticed a cane toad
   348 | D        | Noticed a yak
   348 | D        | Noticed a four-headed hydra
   348 | D        | Noticed a cane toad
   349 | D        | Offered knowledge of Searing Ray by Vehumet.
   350 | D        | Reached **** piety under Vehumet
   350 | D        | Killed a yak
   350 | D        | Reached XP level 9. HP: 51/51 MP: 20/26
   351 | D        | Killed a cane toad
   351 | D        | Reached skill level 13 in Dodging
   352 | D        | Killed a four-headed hydra
   352 | D        | Noticed a cane toad
   354 | D        | Killed a cane toad
   354 | D        | Reached skill level 14 in Dodging
   355 | D        | Killed a cane toad
   355 | D        | Reached ***** piety under Vehumet
   355 | D        | Reached XP level 10. HP: 56/56 MP: 14/29
   434 | D        | Learned a level 2 spell: Searing Ray
   434 | D        | Noticed a cane toad
   434 | D        | Noticed a cane toad
   434 | D        | Noticed a six-headed hydra
   437 | D        | Offered knowledge of Dazzling Spray by Vehumet.
   437 | D        | Noticed a black mamba
   438 | D        | Killed a cane toad
   439 | D        | Killed a cane toad
   439 | D        | Reached skill level 15 in Dodging
   440 | D        | Noticed a black mamba
   441 | D        | Killed a six-headed hydra
   441 | D        | Killed a black mamba
   441 | D        | Reached ****** piety under Vehumet
   447 | D        | Killed a black mamba
   498 | D        | Reached skill level 15 in Air Magic
   500 | D        | Reached skill level 16 in Dodging
   500 | D        | Reached skill level 15 in Spellcasting
   500 | D        | Reached XP level 11. HP: 61/61 MP: 24/32
   503 | D        | Reached skill level 15 in Conjurations
   670 | D        | Noticed an orc knight
   671 | D        | Offered knowledge of Sticky Flame by Vehumet.
   674 | D        | Killed an orc knight
   751 | D        | Reached skill level 1 in Fighting
   751 | D        | Noticed an orc knight
   754 | D        | Noticed an orc high priest
   756 | D        | Killed an orc high priest
   756 | D        | Reached skill level 17 in Dodging
   757 | D        | Killed an orc knight
   826 | D        | Found Seosk's Gadget Emporium.
   826 | D        | Noticed an orc knight
   826 | D        | Noticed an orc knight
   826 | D        | Noticed an orc knight
   829 | D        | Reached skill level 1 in Evocations
   829 | D        | Noticed an orc knight
   830 | D        | Killed an orc knight
   830 | D        | Killed an orc knight
   830 | D        | Killed an orc knight
   832 | D        | Found Awuseej's Magic Scroll Shoppe.
   832 | D        | Noticed an orc knight
   834 | D        | Noticed an orc knight
   835 | D        | Killed an orc knight
   835 | D        | Killed an orc knight
   836 | D        | Noticed an orc knight
   837 | D        | Found Zuatuc's Food Emporium.
   837 | D        | Noticed an orc knight
   840 | D        | Killed an orc knight
   842 | D        | Killed an orc knight
   842 | D        | Reached skill level 5 in Fighting
   842 | D        | Reached XP level 12. HP: 77/77 MP: 13/34
   846 | D        | Found Nonesibu's Armour Shoppe.
   964 | D        | Bought a lamp of fire for 560 gold pieces
  1056 | D        | Noticed Erica
  1061 | D        | Killed Erica
  1061 | D        | Offered knowledge of Mephitic Cloud by Vehumet.
  1061 | D        | Reached skill level 18 in Dodging
  1061 | D        | Reached skill level 5 in Evocations
  1123 | D        | Noticed Harold
  1132 | D        | Killed Harold
  1300 | D        | Noticed a two-headed ogre
  1301 | D        | Offered knowledge of Fireball by Vehumet.
  1302 | D        | Killed a two-headed ogre
  1305 | D        | Noticed a fire dragon
  1306 | D        | Noticed a great orb of eyes
  1307 | D        | Noticed an ogre mage
  1310 | D        | Killed a great orb of eyes
  1310 | D        | Killed an ogre mage
  1310 | D        | Noticed an ettin
  1312 | D        | Noticed a sphinx
  1314 | D        | Noticed a rakshasa
  1319 | D        | Killed an ettin
  1320 | D        | Killed a fire dragon
  1322 | D        | Killed a sphinx
  1322 | D        | Reached skill level 19 in Dodging
  1329 | D        | Killed from afar by a rakshasa (illusionary)

Skill      XL: |  1  2  3  4  5  6  7  8  9 10 11 12 |
---------------+-------------------------------------+-----
Dodging        | 3 5 6 7 8 9 11 12 14 16 17 19 | 19.1
Spellcasting   | 3 4 5 6 8 9 10 11 13 15 16 17 | 17.8
Conjurations   | 2 4 6 7 8 10 11 13 14 16 17 | 17.6
Air Magic      | 4 5 6 7 8 9 11 12 13 15 16 17 | 17.9
Fighting       | 5 7 |  7.8
Evocations     | 4 8 |  8.4
Stealth        | |  1.5

Action                   |  1- 3 |  4- 6 |  7- 9 | 10-12 || total
-------------------------+-------+-------+-------+-------++-------
Melee: Quarterstaff      |       |       |     7 |       ||     7
       Staff             |       |       |       |     2 ||     2
 Cast: Shock             |     9 |    15 |     1 |     3 ||    28
       Lightning Bolt    |       |       |     9 |    61 ||    70
       Airstrike         |       |       |       |     6 ||     6
       Searing Ray       |       |       |       |     6 ||     6
  Use: Potion            |       |     2 |       |     3 ||     5
  Eat: Chunk             |       |       |       |     1 ||     1
Armor: Skin              |     2 |     2 |       |     5 ||     9
Dodge: Dodged            |     5 |     8 |     8 |    39 ||    60
Block: Other             |     1 |     4 |     4 |     7 ||    16
